 Dungeon Crawl Stone Soup version 0.30-a0-918-g0ff054e9dc (webtiles) character file.

Game seed: 18196852653377538476

1330 Pimp the Trooper (level 8, -2/63 HPs)
             Began as a Demonspawn Fighter on Mar 20, 2023.
             Was an Initiate of Gozag.
             Slain by an ogre
             ... wielding a +0 giant spiked club
              (20 damage)
             ... on level 6 of the Dungeon.
             The game lasted 00:15:16 (5454 turns).

Pimp the Trooper (Demonspawn Fighter)               Turns: 5454, Time: 00:15:17

Health: -2/63      AC: 13    Str: 17 (18) XL:     8   Next: 34%
Magic:  11/11      EV:  7    Int:  9 (11) God:    Gozag
Gold:   514        SH:  4    Dex:  9 (12) Spells: 11/11 levels left

rFire   . . .      SeeInvis .    a - +2 war axe
rCold   . . .      Faith    .    c - +0 buckler
rNeg    . . .      Spirit   .    s - +0 chain mail
rPois   .          Reflect  .    (no helmet)
rElec   .          Rampage  .    (no cloak)
rCorr   +                        n - +0 pair of gloves
Will    .....                    (no boots) Stlth
                                 (no amulet)
HPRegen 0.30/turn                o - ring of wizardry
MPRegen 0.12/turn                d - ring of resist corrosion

@: studying Ranged Weapons
A: claws 1, slimy green scales 1
a: Renounce Religion, Potion Petition, Call Merchant, Bribe Branch


You were on level 6 of the Dungeon.
You worshipped Gozag.
Gozag was pleased with you.
You visited 2 branches of the dungeon, and saw 7 of its levels.

You collected 582 gold pieces.
You paid 68 gold pieces to Gozag.

Inventory:

Hand Weapons
 a - a +2 war axe (weapon)
Armour
 b - a +0 scale mail
 c - a +0 buckler (worn)
 n - a +0 pair of gloves (worn)
 s - a +0 chain mail (worn)
Magical Staves
 i - a staff of air
Jewellery
 d - a ring of resist corrosion (right hand)
 o - a ring of wizardry (left hand)
 u - a ring of ice
Wands
 r - a wand of flame (15)
Scrolls
 e - 5 scrolls of identify
 m - 2 scrolls of amnesia
 v - 2 scrolls of fog
 y - a scroll of teleportation
Potions
 g - a potion of resistance {unknown}
 h - 2 potions of lignification {unknown}
 j - 2 potions of degeneration
 k - a potion of brilliance {unknown}
 l - a potion of berserk rage {unknown}
 p - 2 potions of might
 t - a potion of flight {unknown}
 w - 2 potions of mutation {unknown}


   Skills:
 + Level 5.4 Fighting
 + Level 4.3 Axes
 + Level 3.1 Ranged Weapons
 + Level 4.9 Armour
 + Level 2.1 Dodging
 + Level 4.9 Shields
 + Level 2.2 Spellcasting


You had 11 spell levels left.
You didn't know any spells.
Your spell library contained the following spells:

 Spells                   Type           Power      Damage    Failure   Level
 Blink                    Tloc           0%         N/A       96%         2
 Manifold Assault         Tloc           0%         N/A       100%        4
 Storm Form               Tmut/Air       0%         N/A       100%        7


Dungeon Overview and Level Annotations

Branches:
Dungeon (6/15)             Temple (1/1) D:4

Altars:
Cheibriados
Fedhas
Gozag
Kikubaaqudgha
Makhleb
Nemelex Xobeh
Okawaru
Qazlal
Uskayaw
Wu Jian
Xom
Yredelemnul

Shops:
D:1 *=??


Innate Abilities, Weirdness & Mutations

You have sharp fingernails.
You are partially covered in slimy green scales. (AC +2)


Message History

You feel much better.
You feel sick.
You hit the steam dragon.
The steam dragon is severely wounded.
You feel sick.
You are no longer poisoned.
The steam dragon barely misses you.
The steam dragon claws you but does no damage.
You hit the steam dragon but do no damage.
The steam dragon is severely wounded.
The steam dragon breathes steam at you. The ball of steam misses you.
The steam dragon bites you but does no damage.
The steam dragon claws you but does no damage.
You barely miss the steam dragon.
The steam dragon is severely wounded.
You hit the ogre.
You are engulfed in a cloud of scalding steam.
The steam dragon closely misses you.
The steam dragon claws you but does no damage.
The ogre hits you with a +0 giant spiked club!!
* * * LOW HITPOINT WARNING * * *
You feel much better.
You are engulfed in a cloud of scalding steam.
You block the steam dragon's attack. The steam dragon claws you.
You hit the steam dragon.
The steam dragon is severely wounded.
You slash the ogre!
You are engulfed in a cloud of scalding steam.
* * * LOW HITPOINT WARNING * * *
You block the ogre's attack. The steam dragon closely misses you.
You block the steam dragon's attack.
You hit the steam dragon but do no damage.
The steam dragon is severely wounded.
You hit the kobold. You completely miss the ogre.
The steam dragon barely misses you.
The steam dragon claws you but does no damage.
The kobold hits you but does no damage.
The ogre hits you with a +0 giant spiked club!!
You die...
Your body crumbles into a pile of gold.

..K... #...###
#...# #
###§####..##
######§........
##~~.##§.##.....
#≈≈...#..# ...
#~..KO...# .
##~.§@D#.##
#~....####
#~.#### #~..##
#≈...## ##.§.≈#
##..§# ####.§#
####....≈#


You could see a steam dragon, an ogre and a kobold.

Vanquished Creatures
  Prince Ribbit (D:5)
  A black bear (D:5)
  A phantom (D:5)
  2 bullfrogs
  A scorpion (D:4)
  A howler monkey (D:5)
  2 jellies
  An iguana (D:3)
  An orc priest (D:5)
  4 hounds
  Terence (D:2)
  4 orc wizards
  Robin (D:2)
  4 gnolls (D:4)
  12 adders
  2 ufetubi
  4 worms
  2 dart slugs
  17 orcs
  7 ball pythons
  12 endoplasms
  6 giant cockroaches
  12 goblins
  10 hobgoblins
  7 jackals
  6 kobolds
  4 quokkas
  3 bats
  3 frilled lizards
  5 rats
137 creatures vanquished.

Vanquished Creatures (others)
  A steam dragon (D:6)
  3 plants (D:2)
4 creatures vanquished.

Grand Total: 141 creatures vanquished

Notes
Turn   | Place    | Note
-------+----------+-------------------------------------------
     0 | D:1      | Pimp the Demonspawn Fighter began the quest for the Orb.
     0 | D:1      | Reached XP level 1. HP: 18/18 MP: 1/1
     9 | D:1      | Found Hicwimia's Jewellery Shoppe.
    16 | D:1      | Found Hosodallamp's Assorted Antiques.
   138 | D:1      | Gained mutation: You are partially covered in slimy green
                  | scales. (AC +2) [demonic ancestry]
   138 | D:1      | Reached XP level 2. HP: 22/24 MP: 2/2
   270 | D:1      | Found Giaguaps's Magic Scroll Emporium.
   401 | D:1      | Found Hueng's Magic Scroll Shoppe.
   616 | D:2      | Reached XP level 3. HP: 29/29 MP: 3/3
   692 | D:2      | Noticed Terence
   701 | D:2      | Killed Terence
   866 | D:2      | Reached XP level 4. HP: 35/35 MP: 4/4
  1223 | D:2      | Noticed Robin
  1250 | D:2      | Killed Robin
  1467 | D:2      | Reached XP level 5. HP: 39/42 MP: 5/5
  2168 | D:3      | Reached skill level 4 in Fighting
  2432 | D:3      | Reached XP level 6. HP: 31/48 MP: 6/6
  3239 | D:4      | Found an ornate altar of the Wu Jian Council.
  3511 | D:4      | Found a staircase to the Ecumenical Temple.
  3544 | Temple   | Entered the Ecumenical Temple
  3639 | Temple   | Became a worshipper of Gozag Ym Sagoz the Greedy
  4109 | D:4      | Reached XP level 7. HP: 53/55 MP: 7/7
  4393 | D:5      | Entered Level 5 of the Dungeon
  4402 | D:5      | Reached skill level 1 in Ranged Weapons
  4502 | D:5      | Reached skill level 1 in Dodging
  4502 | D:5      | Reached skill level 1 in Spellcasting
  4522 | D:5      | Reached skill level 5 in Fighting
  4889 | D:5      | Noticed Prince Ribbit
  4895 | D:5      | Killed Prince Ribbit
  4896 | D:5      | Gained mutation: You have sharp fingernails. [demonic
                  | ancestry]
  4896 | D:5      | Reached XP level 8. HP: 61/62 MP: 9/11
  5451 | D:6      | HP: 2/63 [ogre/+0 giant spiked club (30)]
  5454 | D:6      | Slain by an ogre

Illustrated notes

Levels and vault maps discovered:
D:1:      ebering_hopf_link, layout_rooms, serial_shops,
          nicolae_shop_window_shopping, shop, nicolae_shop_stone, shop
D:2:      wad_lake_hut, layout_loops_ring, nicolae_half_adder, uniq_robin,
          uniq_terence
D:3:      layout_loops_corners
D:4:      layout_basic, mainiacjoe_overflow_24_doors, minmay_temple_entry_hall,
          minmay_manual_moon
D:5:      layout_cave_pools, uniq_prince_ribbit1
D:6:      cheibrodos_steamvent, layout_basic, st_stairs_11,
          minmay_curled_crystal, hangedman_decor_peaks_small,
          kennysheep_minor_cross, uniq_grinder, uniq_crazy_yiuf_cottage,
          uniq_edmund
Temple:   nicolae_temple_slightly_damp_pantheon

Skill      XL: |  1  2  3  4  5  6  7  8 |
---------------+-------------------------+-----
Axes           | 2 3 4 |  4.3
Armour         | 3 4 |  4.9
Shields        | 3 4 |  4.9
Fighting       | 4 5 |  5.4
Ranged Weapons | 2 3 |  3.1
Dodging        | 1 2 |  2.1
Spellcasting   | 2 |  2.2

Action                     |  1- 3 |  4- 6 |  7- 9 || total
---------------------------+-------+-------+-------++-------
  Melee: War axe           |    66 |   269 |   102 ||   437
    Use: Scroll            |     4 |     1 |     4 ||     9
         Potion            |     1 |       |     7 ||     8
 Armour: Scale mail        |    38 |   112 |       ||   150
         Chain mail        |       |    46 |    87 ||   133
  Dodge: Dodged            |    21 |   135 |    42 ||   198
  Block: Buckler           |    17 |    61 |    34 ||   112

Table legend: (Time is in decaauts)
 A = Elapsed time spent in this place.
 B = Non-inter-level travel time spent in this place.
 C = Inter-level travel time spent in this place.
 D = Time resting spent in this place.
 E = Time spent auto-exploring this place.
 F = Levels seen in this place.
 G = Mean time per level.
                   A        B        C        D        E       F      G
               +--------+--------+--------+--------+--------+-----+--------+
         Total |   5670 |   5363 |    307 |    844 |   3280 |   7 |  810.0 |
       Dungeon |   5549 |   5271 |    278 |    844 |   3218 |   6 |  924.8 |
        Temple |    120 |     91 |     29 |      0 |     62 |   1 |  120.0 |
               +--------+--------+--------+--------+--------+-----+--------+

Top non-repeatable levels by time:
     D:2: 1652 daAuts
     D:3: 1114 daAuts
     D:4: 1078 daAuts
     D:5: 833 daAuts
     D:1: 618 daAuts
     D:6: 252 daAuts
  Temple: 120 daAuts
